[Event "Saturday 13 January Rapid Engine Tour 12+1 Rounds 9 Starts 1600 ST"]
[Site "Infinity Chess"]
[Date "2018.1.13"]
[Round "7"]
[White "KillBill2017"]
[Black "Satria_Ungu"]
[Result "1/2-1/2"]
[ECO "C55"]
[WhiteElo "2375"]
[BlackElo "2395"]
[WhiteEngine "asmFishW_2018-01-12_popcnt_CTG"]
[BlackEngine "Houdini 6_CTG"]
[EventType "Swiss"]
[WhiteTeam ""]
[BlackTeam ""]
[PlyCount "128"]
[TimeControl "720+1"]

1. e4 e5 2. Nf3 Nc6 3. Bc4 Nf6 4. d3 Bc5 5. O-O d6 6. c3 O-O 7. Bg5 a6 8. a4 h6 
9. Bh4 g5 10. Bg3 Ba7 11. Nbd2 Kg7 12. Ba2 Nh7 13. Nc4 h5 14. h4 g4 15. Nfd2 Ne7 
16. Ne3 Ng6 17. d4 Nxh4 18. dxe5 dxe5 19. Bxe5+ Kg8 20. Bg3 Ng6 21. Ndc4 Qg5 
22. Bxc7 Be6 23. Nd5 Rac8 24. Bb6 Bb8 25. e5 Rc6 26. Be3 Qd8 27. Nd6 Nxe5 
28. Nxb7 Qd7 29. Nc5 Qd6 30. f4 gxf3 31. Ne4 Qd8 32. Ndf6+ Nxf6 33. Qxd8 Rxd8 
34. Nxf6+ Kf8 35. Bxe6 Rxe6 36. Nxh5 Nd3 37. Bd4 f2+ 38. Bxf2 Nxf2 39. Kxf2 Rd2+ 
40. Kf3 Rd3+ 41. Kg4 Rg6+ 42. Kh4 Rxg2 43. Nf4 Bxf4 44. Rxf4 Rxb2 45. Raf1 Rh2+ 
46. Kg4 Rg2+ 47. Kh4 Rg7 48. Rf6 a5 49. R6f5 Rxc3 50. Rxa5 Rc6 51. Rff5 Rc4+ 
52. Kh3 Rc3+ 53. Kh2 Rc2+ 54. Kh1 Rc1+ 55. Kh2 Ke7 56. Ra7+ Ke6 57. Raa5 Rc4 
58. Rh5 Rg6 59. Ra6+ Kd7 60. Ra7+ Rc7 61. Rxc7+ Kxc7 62. Kh3 Kd7 63. a5 Rg1 
64. Rf5 Ke6 1/2-1/2

[Event "Saturday 13 January Rapid Engine Tour 12+1 Rounds 9 Starts 1600 ST"]
[Site "Infinity Chess"]
[Date "2018.1.13"]
[Round "7"]
[White "SkyPilot"]
[Black "Thor"]
[Result "1/2-1/2"]
[ECO "C50"]
[WhiteElo "2415"]
[BlackElo "2474"]
[WhiteEngine "stockfish_x64_bmi2_2018_01_01_CTG"]
[BlackEngine "asmFishW_2017-11-19_bmi2"]
[EventType "Swiss"]
[WhiteTeam ""]
[BlackTeam ""]
[PlyCount "101"]
[TimeControl "720+1"]

1. e4 e5 2. Nf3 Nc6 3. Bc4 Bc5 4. O-O Nf6 5. d3 d6 6. c3 a5 7. Re1 O-O 
8. Nbd2 h6 9. h3 Be6 10. a4 Ba7 11. b3 d5 12. exd5 Nxd5 13. Ne4 Re8 14. Bd2 Nf6 
15. Qe2 Qe7 16. Bb5 Bxb3 17. c4 Nxe4 18. Qxe4 Rad8 19. Bxc6 bxc6 20. Qxc6 f6 
21. Bxa5 Rxd3 22. Reb1 Rb8 23. Nd2 Bd4 24. Ra2 Rb6 25. Qd5+ Kf8 26. Nxb3 Rdxb3 
27. Rxb3 Rxb3 28. Qc6 Qd6 29. Qxc7 Qe6 30. Kh2 Qf5 31. Qd8+ Kf7 32. Qd5+ Kg6 
33. Be1 h5 34. a5 Rb1 35. Re2 Rc1 36. a6 Qb1 37. a7 Bxa7 38. Qd7 Rxe1 
39. Rxe1 Qxe1 40. Qxa7 Qd2 41. Qc5 Qd4 42. Qxd4 exd4 43. Kg3 Kf5 44. Kf3 h4 
45. c5 Ke5 46. c6 Kd6 47. Ke4 g6 48. Kxd4 Kxc6 49. g3 hxg3 50. fxg3 g5 51. g4 
1/2-1/2

[Event "Saturday 13 January Rapid Engine Tour 12+1 Rounds 9 Starts 1600 ST"]
[Site "Infinity Chess"]
[Date "2018.1.13"]
[Round "7"]
[White "NINJA_JENGKA"]
[Black "hafaba"]
[Result "1/2-1/2"]
[ECO "A06"]
[WhiteElo "2419"]
[BlackElo "2378"]
[WhiteEngine "Houdini 6_CTG"]
[BlackEngine "Stockfish SL 07012018 POPCNT_CTG"]
[EventType "Swiss"]
[WhiteTeam ""]
[BlackTeam ""]
[PlyCount "115"]
[TimeControl "720+1"]

1. Nf3 d5 2. d4 e6 3. c4 Nf6 4. Nc3 c6 5. e3 Nbd7 6. Bd3 dxc4 7. Bxc4 b5 
8. Be2 Bb7 9. O-O Be7 10. e4 b4 11. e5 bxc3 12. exf6 Bxf6 13. bxc3 c5 
14. dxc5 O-O 15. Ba3 Be7 16. Rb1 Bd5 17. Qd4 Rc8 18. c4 Bxf3 19. Bxf3 Bxc5 
20. Bxc5 Nxc5 21. Qe3 Qh4 22. Rfd1 Qxc4 23. Rbc1 Qb5 24. g3 Rc7 25. Qf4 Qa5 
26. Kg2 h6 27. Rd4 Rfc8 28. Rcd1 Re7 29. Qe3 Kh7 30. Rc1 Qb6 31. g4 Rce8 
32. Rcd1 Kg8 33. Rd6 Qb4 34. a3 Qa5 35. h4 Nb7 36. R6d2 Rc8 37. Rd4 Rc3 
38. Qe2 Qc7 39. Qd2 Rc2 40. Rd8+ Nxd8 41. Qxd8+ Kh7 42. Be4+ f5 43. gxf5 Rxf2+ 
44. Kxf2 Qf4+ 45. Bf3 Qxh4+ 46. Ke3 exf5+ 47. Kd3 Qg5 48. Kc2 Re3 49. Qd5 Rxa3 
50. Rd3 Rxd3 51. Kxd3 h5 52. Qf7 Kh6 53. Qxa7 Qf6 54. Qd4 Qxd4+ 55. Kxd4 g5 
56. Ke3 Kg6 57. Ke2 h4 58. Bg2 1/2-1/2

[Event "Saturday 13 January Rapid Engine Tour 12+1 Rounds 9 Starts 1600 ST"]
[Site "Infinity Chess"]
[Date "2018.1.13"]
[Round "7"]
[White "Dovahkiin"]
[Black "miguello"]
[Result "1/2-1/2"]
[ECO "A45"]
[WhiteElo "2429"]
[BlackElo "2416"]
[WhiteEngine "BrainFish_180106_x64_modern_CTG"]
[BlackEngine "asmFishW_2017-11-19_popcnt_CTG"]
[EventType "Swiss"]
[WhiteTeam ""]
[BlackTeam ""]
[PlyCount "25"]
[TimeControl "720+1"]

1. d4 Nf6 2. Bf4 d5 3. e3 c5 4. c3 Nc6 5. Nd2 Bf5 6. Ngf3 e6 7. Be2 Nd7 
8. O-O Be7 9. Qb3 Na5 10. Qa4 Nc6 11. Qb3 Na5 12. Qa4 Nc6 13. Qb3 1/2-1/2

[Event "Saturday 13 January Rapid Engine Tour 12+1 Rounds 9 Starts 1600 ST"]
[Site "Infinity Chess"]
[Date "2018.1.13"]
[Round "7"]
[White "Cepri"]
[Black "ocirema"]
[Result "1/2-1/2"]
[ECO "C55"]
[WhiteElo "2456"]
[BlackElo "2415"]
[WhiteEngine "asmFishW_12J18Mb_CTG"]
[BlackEngine "stockfish_18010422_x64_modern_CTG"]
[EventType "Swiss"]
[WhiteTeam ""]
[BlackTeam ""]
[PlyCount "95"]
[TimeControl "720+1"]

1. e4 e5 2. Nf3 Nc6 3. Bc4 Nf6 4. d3 Bc5 5. c3 O-O 6. O-O d6 7. Nbd2 a6 
8. a4 Ba7 9. h3 h6 10. Re1 Re8 11. Bb3 Be6 12. Bxe6 Rxe6 13. b4 d5 14. Qc2 d4 
15. Bb2 a5 16. b5 dxc3 17. Bxc3 Nb4 18. Bxb4 axb4 19. Nc4 Nd7 20. a5 Rf6 
21. Qe2 Bc5 22. Rec1 Qe8 23. Ne3 c6 24. bxc6 Rxc6 25. Nd5 Qd8 26. Qd2 Rxa5 
27. Nxb4 Rxa1 28. Rxa1 Rc8 29. Rb1 Qb6 30. Rb2 Qa5 31. g3 Bxb4 32. Rxb4 Nc5 
33. Rc4 Qxd2 34. Nxd2 Rc6 35. Rc3 Ne6 36. Rxc6 bxc6 37. Kf1 Nd4 38. Kg2 f6 
39. h4 Kf7 40. h5 g6 41. hxg6+ Kxg6 42. f4 exf4 43. gxf4 Kh5 44. Kg3 Ne2+ 
45. Kf3 Nd4+ 46. Kg3 Ne2+ 47. Kf3 Nd4+ 48. Kg3 1/2-1/2

[Event "Saturday 13 January Rapid Engine Tour 12+1 Rounds 9 Starts 1600 ST"]
[Site "Infinity Chess"]
[Date "2018.1.13"]
[Round "7"]
[White "Vimtiroba"]
[Black "KULLANI"]
[Result "1/2-1/2"]
[ECO "D30"]
[WhiteElo "2464"]
[BlackElo "2433"]
[WhiteEngine "SF@130118_CTG"]
[BlackEngine "BrainFish_180106_x64_CTG"]
[EventType "Swiss"]
[WhiteTeam ""]
[BlackTeam ""]
[PlyCount "43"]
[TimeControl "720+1"]

1. d4 d5 2. c4 e6 3. Nf3 Nf6 4. g3 Bb4+ 5. Bd2 Be7 6. Bg2 O-O 7. O-O c6 
8. Qc2 b6 9. Bf4 Bb7 10. Rd1 Nbd7 11. Nc3 dxc4 12. Nd2 Nd5 13. Nxc4 Nxf4 
14. gxf4 Qc7 15. e3 Rac8 16. Rac1 a6 17. Qe4 Rfd8 18. Ne5 Ba8 19. Qd3 Bb7 
20. Qe4 Ba8 21. Qd3 Bb7 22. Qe4 1/2-1/2

[Event "Saturday 13 January Rapid Engine Tour 12+1 Rounds 9 Starts 1600 ST"]
[Site "Infinity Chess"]
[Date "2018.1.13"]
[Round "7"]
[White "Susanne"]
[Black "RonWeasley"]
[Result "1/2-1/2"]
[ECO "C11"]
[WhiteElo "2480"]
[BlackElo "2437"]
[WhiteEngine "asmFishW_10_bmi2_CTG"]
[BlackEngine "BrainFish 060118_CTG"]
[EventType "Swiss"]
[WhiteTeam ""]
[BlackTeam ""]
[PlyCount "129"]
[TimeControl "720+1"]

1. e4 e6 2. d4 d5 3. Nc3 Nf6 4. e5 Nfd7 5. f4 c5 6. Nf3 Nc6 7. Be3 cxd4 
8. Nxd4 Qb6 9. Qd2 Qxb2 10. Rb1 Qa3 11. Bb5 Nxd4 12. Bxd4 a6 13. Bxd7+ Bxd7 
14. Rb3 Qe7 15. Rxb7 Rc8 16. O-O Qd8 17. f5 exf5 18. Qd3 Bc5 19. Bxc5 Rxc5 
20. Nxd5 Bc8 21. Re7+ Kf8 22. Qa3 Qa5 23. Qxa5 Rxa5 24. Rc7 Be6 25. Nf4 Rxe5 
26. Nxe6+ Rxe6 27. Rxf5 Re7 28. Rc8+ Re8 29. Rfc5 Ke7 30. R8c6 g6 31. Rxa6 Rc8 
32. Re5+ Kf8 33. Ra7 Kg7 34. Ree7 Rhf8 35. Re2 Rfd8 36. g3 Rd1+ 37. Kf2 Rc1 
38. Kf3 Rc3+ 39. Ke4 R3xc2 40. Rxc2 Rxc2 41. h3 Re2+ 42. Kf4 Rf2+ 43. Ke3 Rc2 
44. a4 Rc3+ 45. Kf4 Rc2 46. Ke3 h5 47. a5 Kf6 48. Kd4 Ra2 49. a6 Ra3 50. g4 h4 
51. Kc5 Rxh3 52. Rc7 Ra3 53. Kb6 h3 54. a7 h2 55. Rc1 g5 56. Rf1+ Ke6 
57. Re1+ Kd5 58. Kb7 Rb3+ 59. Ka6 Ra3+ 60. Kb6 f5 61. Rh1 Rb3+ 62. Ka5 Ra3+ 
63. Kb6 Rb3+ 64. Ka5 Ra3+ 65. Kb6 1/2-1/2

[Event "Saturday 13 January Rapid Engine Tour 12+1 Rounds 9 Starts 1600 ST"]
[Site "Infinity Chess"]
[Date "2018.1.13"]
[Round "7"]
[White "Marsell"]
[Black "Murx"]
[Result "1/2-1/2 "]
[ECO "C55"]
[WhiteElo "2481"]
[BlackElo "2483"]
[WhiteEngine "asmFishW_2018-01-11_popcnt"]
[BlackEngine "BrainFish_171226_x64_modern"]
[EventType "Swiss"]
[WhiteTeam ""]
[BlackTeam ""]
[PlyCount "198"]
[TimeControl "720+1"]

1. e4 e5 2. Nf3 Nc6 3. Bc4 Nf6 4. d3 Bc5 5. c3 d6 6. O-O O-O 7. h3 a6 8. Re1 Ba7 
9. Bb3 h6 10. Nbd2 Re8 11. Nf1 Be6 12. Bc2 d5 13. Qe2 b5 14. Bd2 Qd7 15. Ng3 d4 
16. a4 Bc5 17. Rec1 Qd6 18. Nh4 Ne7 19. Qe1 Bb6 20. Nf3 Nc6 21. Rab1 Bd7 
22. Qe2 Red8 23. Ra1 Rab8 24. Nh4 Ne7 25. a5 Ba7 26. Qf3 Rf8 27. Bb3 Kh8 
28. Rab1 dxc3 29. bxc3 c5 30. Rd1 Rbd8 31. d4 Nh7 32. dxc5 Bxc5 33. c4 Qf6 
34. Qxf6 Nxf6 35. Nf3 Ng6 36. Bc3 Rde8 37. cxb5 Bxb5 38. Rb2 Nd7 39. Rbd2 Nf6 
40. Rc2 Nd7 41. Bd2 Rb8 42. Be3 Bb4 43. Nf5 Nf6 44. Nd6 Kh7 45. Nxf7 Nxe4 
46. N7xe5 Nxe5 47. Nxe5 Bxa5 48. Rd4 Nc3 49. Kh2 Rf5 50. Nc4 Bc7+ 51. Kg1 Ba4 
52. Bxa4 Rb1+ 53. Bc1 Rxc1+ 54. Rxc1 Ne2+ 55. Kf1 Nxd4 56. Rd1 Rd5 57. Bc2+ g6 
58. Be4 Rd8 59. Ra1 Re8 60. Bd3 a5 61. Rb1 Re7 62. Rb7 Bd8 63. Rxe7+ Bxe7 
64. Nxa5 Kg7 65. Nc4 h5 66. Be2 h4 67. g3 g5 68. Bg4 hxg3 69. fxg3 Kf6 
70. Bc8 Nf5 71. Bxf5 Kxf5 72. Ke2 Ke4 73. Nd2+ Kf5 74. Kf3 g4+ 75. hxg4+ Kg6 
76. Nc4 Kg5 77. Ne3 Ba3 78. Nc4 Bb4 79. Ne3 Be1 80. Nf5 Bc3 81. Nd6 Bb4 
82. Nc4 Bc3 83. Nd6 Be1 84. Nc4 Bc3 85. Ne3 Kg6 86. Nd5 Bd2 87. Ke2 Bc1 
88. Nf4+ Kf6 89. Nd5+ Kg6 90. Kf3 Bb2 91. Nf4+ Kg5 92. Ne6+ Kf6 93. Nc7 Ba1 
94. Nd5+ Kg6 95. Ne7+ Kg5 96. Nd5 Bb2 97. Ne3 Ba1 98. Ke4 Bc3 99. Kf3 Ba1 
1/2-1/2

[Event "Saturday 13 January Rapid Engine Tour 12+1 Rounds 9 Starts 1600 ST"]
[Site "Infinity Chess"]
[Date "2018.1.13"]
[Round "7"]
[White "THE_MACHINE"]
[Black "Gilgamesch"]
[Result "1/2-1/2"]
[ECO "C50"]
[WhiteElo "2477"]
[BlackElo "2494"]
[WhiteEngine "Houdini 6"]
[BlackEngine "BrainFish_171005_x64_bmi2"]
[EventType "Swiss"]
[WhiteTeam ""]
[BlackTeam ""]
[PlyCount "107"]
[TimeControl "720+1"]

1. e4 e5 2. Nf3 Nc6 3. Bc4 Bc5 4. O-O Nf6 5. d3 d6 6. c3 O-O 7. h3 h6 8. Bb3 a5 
9. Bc2 Re8 10. d4 Bb6 11. Re1 Bd7 12. a3 Qb8 13. Be3 Qa7 14. d5 Bxe3 
15. Rxe3 Ne7 16. c4 b5 17. cxb5 Bxb5 18. Nc3 Bd7 19. Nd2 c6 20. dxc6 Nxc6 
21. Nc4 Nd4 22. Nxd6 Red8 23. Nc4 Be6 24. Nxe5 Nb3 25. Bxb3 Rxd1+ 26. Bxd1 Rc8 
27. Rb1 Qb6 28. Be2 g6 29. a4 Qc5 30. Nd3 Qc7 31. Ne1 Nd7 32. Nf3 Ne5 
33. Nd4 Qb6 34. Nxe6 fxe6 35. b3 h5 36. h4 Qd8 37. g3 Qd2 38. Rd1 Qb2 
39. Nb5 Rf8 40. f4 Ng4 41. Bxg4 hxg4 42. e5 g5 43. hxg5 Kg7 44. Nd4 Rh8 
45. Ne2 Rh3 46. f5 exf5 47. Red3 Qxe2 48. Rd7+ Kg6 49. R1d6+ Kxg5 50. Rg7+ Kh5 
51. Rh7+ Kg5 52. Rg7+ Kh5 53. Rh7+ Kg5 54. Rg7+ 1/2-1/2

[Event "Saturday 13 January Rapid Engine Tour 12+1 Rounds 9 Starts 1600 ST"]
[Site "Infinity Chess"]
[Date "2018.1.13"]
[Round "7"]
[White "fati64"]
[Black "Deep_Impact"]
[Result "1/2-1/2"]
[ECO "C50"]
[WhiteElo "2490"]
[BlackElo "2490"]
[WhiteEngine "BrainFish_180106_x64"]
[BlackEngine "BrainFish_171226_x64_modern"]
[EventType "Swiss"]
[WhiteTeam ""]
[BlackTeam ""]
[PlyCount "195"]
[TimeControl "720+1"]

1. e4 e5 2. Nf3 Nc6 3. Bc4 Bc5 4. O-O Nf6 5. d3 d6 6. c3 a6 7. a4 O-O 8. Bg5 h6 
9. Bh4 g5 10. Bg3 Ba7 11. Nbd2 Kg7 12. Ba2 Nh7 13. Nc4 h5 14. h4 g4 15. Nfd2 Ne7 
16. Ne3 Ng6 17. d4 exd4 18. cxd4 Nxh4 19. Rc1 Ng6 20. Nf5+ Kh8 21. Kh1 Be6 
22. Bb1 Rg8 23. d5 h4 24. Bh2 Bxf5 25. exf5 Ne5 26. Ne4 Rg7 27. Bxe5 dxe5 
28. f3 g3 29. f4 exf4 30. Rxf4 Nf6 31. Rxh4+ Kg8 32. Rc4 b5 33. Rb4 Qe7 
34. d6 cxd6 35. Qc1 Nxe4 36. Rbxe4 Qg5 37. Qxg5 Rxg5 38. Reg4 f6 39. Ba2+ Kg7 
40. Re4 Rxf5 41. Re7+ Kg6 42. Rg4+ Kh6 43. Rxg3 Rh5+ 44. Rh3 Bd4 45. axb5 axb5 
46. Rxh5+ Kxh5 47. Be6 Bxb2 48. Rb7 Kh4 49. Rxb5 Ra1+ 50. Kh2 Be5+ 51. g3+ Bxg3+ 
52. Kg2 Be5 53. Rb4+ Kh5 54. Rc4 Ra3 55. Kf2 Ra5 56. Rg4 d5 57. Rg2 Ra2+ 
58. Kf1 Ra1+ 59. Ke2 Ra2+ 60. Kf1 Ra1+ 61. Ke2 d4 62. Kd3 Rc1 63. Ke4 Re1+ 
64. Kd3 Re3+ 65. Kc4 Kh6 66. Bd7 Rc3+ 67. Kd5 Ra3 68. Kc4 Re3 69. Be6 Re4 
70. Bf7 Re3 71. Be6 Re1 72. Kd3 Kh5 73. Bg4+ Kh6 74. Be2 Kh7 75. Ke4 Rc1 
76. Kf5 Rc3 77. Bd1 Ra3 78. Ke6 Kh6 79. Kf5 Rd3 80. Be2 Rh3 81. Bd1 Rh4 
82. Rg6+ Kh7 83. Rg2 Kh6 84. Rg6+ Kh7 85. Bc2 d3 86. Bxd3 Rf4+ 87. Ke6 Rd4 
88. Bb1 Rd8 89. Bf5 Rd4 90. Bb1 f5 91. Rg1 Kh8 92. Kxe5 Rd7 93. Kf6 Rd6+ 
94. Ke5 Rd7 95. Ba2 Rg7 96. Bb1 Rxg1 97. Bd3 f4 98. Kxf4 1/2-1/2

[Event "Saturday 13 January Rapid Engine Tour 12+1 Rounds 9 Starts 1600 ST"]
[Site "Infinity Chess"]
[Date "2018.1.13"]
[Round "7"]
[White "aleks"]
[Black "MarioDeMonti"]
[Result "1/2-1/2"]
[ECO "E10"]
[WhiteElo "2407"]
[BlackElo "2446"]
[WhiteEngine "komodo-11.2.2-64bit_CTG"]
[BlackEngine "stockfish_x64_bmi2_2018_01_01_CTG"]
[EventType "Swiss"]
[WhiteTeam ""]
[BlackTeam ""]
[PlyCount "126"]
[TimeControl "720+1"]

1. d4 Nf6 2. c4 e6 3. Nf3 d5 4. Nc3 c6 5. Bg5 h6 6. Bxf6 Qxf6 7. e3 Nd7 
8. Be2 g6 9. O-O Bg7 10. e4 dxe4 11. Nxe4 Qf4 12. Qc2 f5 13. Ned2 c5 14. g3 Qc7 
15. Nh4 Bxd4 16. Nxg6 Rg8 17. Nh4 Nf6 18. Ndf3 Rxg3+ 19. hxg3 Qxg3+ 20. Ng2 Ng4 
21. Qd2 Bxf2+ 22. Rxf2 Qxf2+ 23. Kh1 Bd7 24. Rf1 Qg3 25. Qe1 Qxe1 26. Nfxe1 Ne5 
27. Nf3 Ng4 28. Nfh4 h5 29. Kg1 Ke7 30. Ng6+ Kf6 31. N6f4 Be8 32. Rd1 b6 
33. b3 Bf7 34. Rd7 Rg8 35. Rc7 Rd8 36. Nd3 e5 37. Rxa7 f4 38. Ra6 f3 
39. Rxb6+ Ke7 40. Bxf3 Rxd3 41. Nh4 Rc3 42. Nf5+ Kd8 43. Bxg4 hxg4 44. Rf6 Be8 
45. Ng7 Rc1+ 46. Rf1 Rxf1+ 47. Kxf1 Bd7 48. Nh5 Kc7 49. Ng3 Kb6 50. Kf2 Bc6 
51. Nh5 Be4 52. Nf6 Bf5 53. a3 Kc7 54. Nd5+ Kd6 55. Ne3 Bb1 56. b4 g3+ 
57. Kxg3 cxb4 58. axb4 Ba2 59. Kf2 Kc6 60. Kf3 Bb3 61. Ke4 Bxc4 62. Nxc4 Kb5 
63. Nxe5 Kxb4 1/2-1/2

[Event "Saturday 13 January Rapid Engine Tour 12+1 Rounds 9 Starts 1600 ST"]
[Site "Infinity Chess"]
[Date "2018.1.13"]
[Round "7"]
[White "angriff"]
[Black "Neoxium"]
[Result "1/2-1/2"]
[ECO "C50"]
[WhiteElo "2454"]
[BlackElo "2464"]
[WhiteEngine "SF_64BIT_POPCNT_CTG"]
[BlackEngine "SF SL FA-IDeA"]
[EventType "Swiss"]
[WhiteTeam ""]
[BlackTeam ""]
[PlyCount "133"]
[TimeControl "720+1"]

1. e4 e5 2. Nf3 Nc6 3. Bc4 Bc5 4. O-O Nf6 5. d3 a6 6. Re1 d6 7. c3 O-O 8. h3 Ba7 
9. a4 b5 10. Bb3 b4 11. Nbd2 Rb8 12. a5 Be6 13. Bc2 h6 14. Nf1 b3 15. Bb1 d5 
16. exd5 Qxd5 17. Be3 Bxe3 18. fxe3 Rfe8 19. d4 Qb5 20. Bd3 Bc4 21. Bxc4 Qxc4 
22. N1d2 Qb5 23. Ra3 exd4 24. exd4 Qd3 25. Rxb3 Rxe1+ 26. Qxe1 Rxb3 27. Nxb3 Qb5 
28. Nc5 Qxb2 29. Nxa6 Nxa5 30. Nxc7 Nc4 31. Kh1 Nd6 32. Qe5 Qc1+ 33. Qe1 Qc2 
34. Ne5 Qb3 35. Na6 Nde4 36. Nd7 Nxd7 37. Qxe4 Qxc3 38. Nc5 Nxc5 39. Qe8+ Kh7 
40. dxc5 Qxc5 41. Qxf7 Qb5 42. Qc7 Qb2 43. Kh2 Qb1 44. Qc4 Qb8+ 45. Kg1 Qb1+ 
46. Kh2 Qg6 47. g3 Qf5 48. Kg2 Qb1 49. Qf7 Qb5 50. Kg1 Qd3 51. Qf2 Qg6 
52. Kh2 Qb1 53. h4 Qd3 54. Qg2 Qf5 55. Qe2 Qb1 56. Qf2 Kg8 57. g4 Qd3 
58. Qa2+ Kh7 59. Qg2 Qg6 60. Kh3 Qd3+ 61. Kh2 Qc4 62. Kg3 h5 63. gxh5 g6 
64. hxg6+ Kg8 65. Qf2 Qb3+ 66. Qf3 Qb8+ 67. Kg4 1/2-1/2

[Event "Saturday 13 January Rapid Engine Tour 12+1 Rounds 9 Starts 1600 ST"]
[Site "Infinity Chess"]
[Date "2018.1.13"]
[Round "7"]
[White "xeonrocks"]
[Black "CrossingJordan"]
[Result "1/2-1/2"]
[ECO "C50"]
[WhiteElo "2540"]
[BlackElo "2435"]
[WhiteEngine "asmFishW_bmi2.exe_CTG"]
[BlackEngine "asmFishW_2017-12-20_bmi2_CTG"]
[EventType "Swiss"]
[WhiteTeam ""]
[BlackTeam ""]
[PlyCount "98"]
[TimeControl "720+1"]

1. e4 e5 2. Nf3 Nc6 3. Bc4 Bc5 4. O-O Nf6 5. d3 d6 6. c3 a5 7. Nbd2 Ba7 
8. Re1 O-O 9. Nf1 Be6 10. Bb5 Ne7 11. d4 exd4 12. Nxd4 Ng6 13. Ba4 h6 
14. Be3 Bc8 15. Bc2 Re8 16. Ng3 d5 17. f3 Bd7 18. Bf2 dxe4 19. Nxe4 Nxe4 
20. Bxe4 Qg5 21. Qc1 Nf4 22. Bg3 Ne6 23. Qxg5 hxg5 24. Bf2 Rad8 25. Rac1 g6 
26. Rcd1 Nxd4 27. Bxd4 Bxd4+ 28. Rxd4 Bc8 29. Red1 Rxd4 30. Rxd4 Kg7 31. Kf2 f5 
32. Bc2 b6 33. b4 Kf6 34. Bb3 axb4 35. cxb4 Be6 36. Bxe6 Rxe6 37. b5 Re5 
38. a4 Rc5 39. Rd8 f4 40. g3 Rc2+ 41. Kg1 fxg3 42. hxg3 g4 43. fxg4 Rc4 
44. Rc8 Kg5 45. a5 bxa5 46. b6 Rb4 47. bxc7 Rc4 48. Ra8 Rxc7 49. Rxa5+ Kxg4 
1/2-1/2

[Event "Saturday 13 January Rapid Engine Tour 12+1 Rounds 9 Starts 1600 ST"]
[Site "Infinity Chess"]
[Date "2018.1.13"]
[Round "6"]
[White "IronMan"]
[Black "KillBill2017"]
[Result "1/2-1/2"]
[ECO "C68"]
[WhiteElo "2392"]
[BlackElo "2374"]
[WhiteEngine "Stockfish SL FA PB BMI2"]
[BlackEngine "asmFishW_2018-01-12_popcnt_CTG"]
[EventType "Swiss"]
[WhiteTeam ""]
[BlackTeam ""]
[PlyCount "178"]
[TimeControl "720+1"]

1. e4 e5 2. Nf3 Nc6 3. Bb5 a6 4. Bxc6 dxc6 5. O-O Be6 6. Nc3 Bd6 7. d4 exd4 
8. Qxd4 f6 9. Be3 Ne7 10. Na4 O-O 11. Rad1 Qe8 12. Nc5 Bg4 13. Nxb7 Bxf3 
14. gxf3 Qg6+ 15. Kh1 Qh5 16. Nxd6 Qxf3+ 17. Kg1 cxd6 18. Qxd6 Qxe4 19. Bc5 Rfd8 
20. Qxd8+ Rxd8 21. Rxd8+ Kf7 22. Bxe7 Kxe7 23. Rd3 Kf7 24. Rfd1 Qc4 25. Rd7+ Kg6 
26. b3 Qxc2 27. R1d3 Qxa2 28. Rg3+ Kf5 29. Rdxg7 Qb1+ 30. Kg2 Qe4+ 31. Rf3+ Ke6 
32. h3 a5 33. Ra7 Qg6+ 34. Kh2 Qh5 35. Re3+ Kd6 36. Rg7 Qf5 37. Kg1 Qd5 
38. Rgg3 Kc7 39. Rg7+ Kb6 40. Rg4 h5 41. Ra4 c5 42. Rc4 Qf5 43. Kf1 Qb1+ 
44. Kg2 Qg6+ 45. Kh2 Qg5 46. Ra4 Qf5 47. Kg1 Qg6+ 48. Kf1 Qb1+ 49. Ke2 f5 
50. Rf3 Qb2+ 51. Kf1 Qg7 52. Re3 Qb2 53. Kg2 Kb5 54. Rc4 Qf6 55. Ra4 Qg6+ 
56. Kf1 Qc6 57. Rc3 Qe6 58. Kg2 Qe5 59. Rac4 Kb6 60. Kf1 Kb5 61. Kg1 Qd6 
62. Kg2 Kb6 63. Rf3 Qe5 64. Rh4 Qf6 65. Ra4 Qg6+ 66. Rg3 Qd6 67. Rf3 Qg6+ 
68. Kf1 Qf6 69. Kg2 Kb5 70. Kg3 Qg5+ 71. Kh2 Qf6 72. Kh1 Qe5 73. Kg2 Qd6 
74. Raf4 Qg6+ 75. Kf1 Qa6 76. Rxf5 a4 77. bxa4+ Kxa4+ 78. Ke1 c4 79. Rxh5 Qc6 
80. Rff5 Qe4+ 81. Kf1 c3 82. Rc5 Qd3+ 83. Ke1 Qd2+ 84. Kf1 c2 85. Rhe5 c1=Q+ 
86. Rxc1 Qxc1+ 87. Re1 Qc4+ 88. Kg1 Ka5 89. Kh1 Qg8 1/2-1/2

[Event "Saturday 13 January Rapid Engine Tour 12+1 Rounds 9 Starts 1600 ST"]
[Site "Infinity Chess"]
[Date "2018.1.13"]
[Round "6"]
[White "Thor"]
[Black "hafaba"]
[Result "1/2-1/2"]
[ECO "B00"]
[WhiteElo "2478"]
[BlackElo "2374"]
[WhiteEngine "asmFishW_2017-11-19_bmi2"]
[BlackEngine "Stockfish SL 07012018 POPCNT_CTG"]
[EventType "Swiss"]
[WhiteTeam ""]
[BlackTeam ""]
[PlyCount "116"]
[TimeControl "720+1"]

1. e4 Nc6 2. Nf3 e5 3. Bc4 Nf6 4. d3 Bc5 5. c3 d6 6. O-O h6 7. b4 Bb6 8. a4 a5 
9. b5 Ne7 10. Be3 Bxe3 11. fxe3 c6 12. Bb3 O-O 13. c4 Ng6 14. Nc3 Be6 
15. Rc1 Qb6 16. Qd2 Nd7 17. Qf2 Rae8 18. Rb1 Qa7 19. h3 f5 20. d4 f4 
21. exf4 Nxf4 22. bxc6 bxc6 23. d5 Qxf2+ 24. Kxf2 cxd5 25. cxd5 Bf7 26. Nb5 Bg6 
27. Nxd6 Rd8 28. Nh4 Nc5 29. Nxg6 Nxg6+ 30. Nf5 Nh4 31. Kg1 Nxf5 32. exf5 Nxb3 
33. Rxb3 Rxd5 34. Rb5 Rxb5 35. axb5 Rb8 36. Rb1 Kf7 37. Kf2 a4 38. b6 a3 
39. g4 a2 40. Ra1 Rxb6 41. Rxa2 Kf6 42. Ke3 Rb4 43. Kf2 Ke7 44. Ra3 Rb2+ 
45. Kf3 Rb4 46. h4 Rf4+ 47. Kg3 h5 48. gxh5 Kf6 49. Ra6+ Kxf5 50. h6 Rg4+ 
51. Kf2 Rxh4 52. hxg7 Rg4 53. Ra7 Kf6 54. Kf1 Rf4+ 55. Ke1 Rg4 56. Kd2 Rg5 
57. Ke2 Rxg7 58. Rxg7 Kxg7 1/2-1/2

[Event "Saturday 13 January Rapid Engine Tour 12+1 Rounds 9 Starts 1600 ST"]
[Site "Infinity Chess"]
[Date "2018.1.13"]
[Round "6"]
[White "miguello"]
[Black "OlivierEvan"]
[Result "1/2-1/2"]
[ECO "D11"]
[WhiteElo "2417"]
[BlackElo "2383"]
[WhiteEngine "asmFishW_2017-11-19_popcnt_CTG"]
[BlackEngine "Houdini 6"]
[EventType "Swiss"]
[WhiteTeam ""]
[BlackTeam ""]
[PlyCount "104"]
[TimeControl "720+1"]

1. d4 d5 2. c4 c6 3. Nf3 Nf6 4. e3 e6 5. Nc3 Nbd7 6. Bd3 dxc4 7. Bxc4 b5 
8. Bd3 Bb7 9. O-O a6 10. e4 c5 11. d5 Qc7 12. dxe6 fxe6 13. Ng5 Qc6 14. Be2 b4 
15. Na4 h6 16. Nh3 Rd8 17. Nf4 Ne5 18. Qc2 c4 19. Be3 g5 20. Nh5 Nxe4 
21. Qxe4 Qxe4 22. Nf6+ Ke7 23. Nxe4 Bxe4 24. f4 Nd3 25. fxg5 Bg7 26. Rad1 Bd4 
27. Bxd4 Rxd4 28. Nc5 Bf5 29. gxh6 a5 30. Bxd3 cxd3 31. Nb3 Rd5 32. Nd2 Rc5 
33. Rf4 Rxh6 34. Rc4 Rxc4 35. Nxc4 a4 36. h3 Rh8 37. Kf2 Rc8 38. b3 Be4 
39. Rd2 axb3 40. axb3 Bd5 41. Ke3 Bxc4 42. bxc4 e5 43. Rxd3 Rxc4 44. Rd5 Rc3+ 
45. Ke4 b3 46. Rxe5+ Kd6 47. Rb5 Kc6 48. Kd4 Rg3 49. Kc4 Rxg2 50. Rxb3 Rc2+ 
51. Kd3 Rc5 52. Ke3 Kd6 1/2-1/2

[Event "Saturday 13 January Rapid Engine Tour 12+1 Rounds 9 Starts 1600 ST"]
[Site "Infinity Chess"]
[Date "2018.1.13"]
[Round "6"]
[White "Satria_Ungu"]
[Black "SkyPilot"]
[Result "1/2-1/2"]
[ECO "A06"]
[WhiteElo "2394"]
[BlackElo "2416"]
[WhiteEngine "Houdini 6_CTG"]
[BlackEngine "stockfish_x64_bmi2_2018_01_01_CTG"]
[EventType "Swiss"]
[WhiteTeam ""]
[BlackTeam ""]
[PlyCount "137"]
[TimeControl "720+1"]

1. Nf3 d5 2. d4 Nf6 3. c4 c6 4. e3 e6 5. b3 c5 6. Nbd2 cxd4 7. exd4 Nc6 
8. Bb2 Ne4 9. a3 Bd6 10. g3 O-O 11. Bg2 Nxd2 12. Nxd2 Be7 13. O-O Bf6 
14. Nf3 Bd7 15. c5 b6 16. b4 bxc5 17. bxc5 Bc8 18. Qd2 Ba6 19. Rfb1 Rb8 
20. Bc3 Qc7 21. Bf1 Bxf1 22. Kxf1 Rb7 23. a4 Rfb8 24. Qd3 Rb3 25. Kg2 h6 
26. Qc2 R3b7 27. Qd1 g6 28. h3 Qc8 29. Rc1 Qc7 30. Ra3 Bg7 31. Bd2 g5 32. Bc3 f6 
33. a5 Qf7 34. a6 Re7 35. Rb1 Rxb1 36. Qxb1 e5 37. Qf5 Rc7 38. Rb3 e4 
39. Ne1 Ne7 40. Rb8+ Bf8 41. Qg4 Nc6 42. Rb2 f5 43. Qd1 f4 44. Kh2 Kh7 
45. Ng2 Bg7 46. Qa4 h5 47. Qd1 fxg3+ 48. fxg3 Qg6 49. Rf2 Re7 50. Ne3 Rf7 
51. Rxf7 Qxf7 52. Kg1 Kg6 53. Qa4 Ne7 54. Be1 Qf8 55. Bf2 Qc8 56. Kg2 Qe6 
57. Qe8+ Qf7 58. Qa4 Qf3+ 59. Kg1 Kf7 60. c6 g4 61. hxg4 Bh6 62. Ng2 hxg4 
63. c7 Bd2 64. Qd7 Qc3 65. Qd6 Ke8 66. Qd8+ Kf7 67. Qd6 Ke8 68. Qd8+ Kf7 69. Qd6 
1/2-1/2